 Dungeon Crawl Stone Soup version 0.17.2-1-ge4368a0 (webtiles) character file.

390 rlgrobin the Skirmisher (level 6, -7/51 HPs)
             Began as a Mummy Monk on Apr 19, 2017.
             Killed from afar by a fire giant (58 damage)
             ... with a bolt of fire
             ... on level 1 of the Dungeon.
             The game lasted 00:11:45 (14031 turns).

rlgrobin the Skirmisher (Mummy Monk)               Turns: 14031, Time: 00:11:45

Health: -7/51      AC:  1    Str: 14    XL:     6   Next: 50%
Magic:  6/6        EV: 13    Int: 10    God:
Gold:   260        SH:  0    Dex: 16    Spells: 0 memorised, 5 levels left

rFire  x . .     SeeInvis .       - Unarmed
rCold  + . .     Clarity  .     (no armour)
rNeg   + + +     SustAt   .     (no shield)
rPois  ∞         Gourm    .     (no helmet)
rElec  .         Spirit   .     (no cloak)
rCorr  .         Warding  .     g - +0 pair of gloves
rMut   .         Stasis   .     (no boots)
MR     .....                    (no amulet)
Stlth  ++........               (no ring)
                                (no ring)

@: not resistant to hostile enchantments, unstealthy
A: no food or potions, fire vulnerability, cold resistance 1, negative energy
resistance 3, torment resistance, unbreathing
a: no special abilities


You were on level 1 of the Dungeon.
You were not hungry.

You visited 1 branch of the dungeon, and saw 5 of its levels.

You collected 260 gold pieces.


Innate Abilities, Weirdness & Mutations

You do not eat or drink.
Your flesh is vulnerable to fire.
You are immune to poison.
Your flesh is cold resistant.
You are immune to negative energy.
You are immune to unholy pain and torment.
You can survive without breathing.


   Skills:
 - Level 5.1 Fighting
 + Level 3.3 Dodging
 - Level 1.5 Stealth
 - Level 5.0 Unarmed Combat


You had 5 spell levels left.
You didn't know any spells.

Inventory:

Hand Weapons
 d - a -2 club
Armour
 b - a +2 shield
 e - a +0 robe
 g - a +0 pair of gloves (worn)
Jewellery
 i - an uncursed amulet of resist corrosion {unknown}
 m - an uncursed ring of fire
Scrolls
 a - 2 scrolls of recharging
 c - a scroll of random uselessness
 h - a scroll of amnesia {unknown}
 j - 3 scrolls of teleportation {unknown}
 k - a scroll of remove curse

Dungeon Overview and Level Annotations

Branches:
Dungeon (5/15)
 Temple: D:4-7

Altars:
Ashenzari
Xom

Annotations:
D:3 Detention Dimension
D:4 exclusion: upstairs

.........▒▒▒▒▒▒...........▒ ▒..▒
(....(...▒....▒.....▒▒..▒▒▒▒▒..▒
................).........!....▒
▒....▒▒.▒▒...)......▒▒▒.▒▒▒▒▒..▒
▒..............)....▒ ▒..▒▒....▒
▒.....▒.▒▒.▒▒▒....▒▒▒
▒▒.▒▒.▒▒.▒▒ ▒▒▒▒▒.▒.▒▒.▒▒▒....▒
▒..▒...... ▒........'....▒
▒......... ▒.▒.▒▒▒▒▒▒.(M.▒
▒......... ▒.▒.▒
▒▒▒....▒▒▒▒▒▒......... ▒▒▒▒▒
▒........▒▒.▒.........
▒▒▒▒▒▒▒▒.▒▒▒▒▒▒C▒▒.▒▒▒..▒▒.▒▒
▒..................▒ ▒▒.▒▒.▒
▒.▒▒▒▒▒.▒▒▒▒▒.▒▒▒..▒ ▒..▒.▒
▒.▒...▒.▒...▒.▒....▒▒▒▒..▒.▒
▒.▒▒▒.▒▒▒.▒▒▒.▒▒▒......▒[..▒
▒...▒.....▒.....▒..▒▒▒.▒▒..▒


You could see a fire giant.


Message History

Found a beef jerky and a club!
Found 25 arrows!
Found a smoky blue potion!
You see here 25 arrows!
Found a stone staircase leading down!
Found a club!
Found a club!
You see here a club!
Found a stone!
Found a stone!
Found a stone!
Found 2 stones!
Found a club!
Found a stone staircase leading down!
Found 23 stones!
There is an open door here!
Key pressed, stopping explore!
There is an open door here!
You see here a stone!
You see here a stone!
You see here a stone!
Found a short sword!
A fire giant comes into view!
It is wielding a great sword of flaming!
A fire giant is nearby!!!
A fire giant is nearby!!!
A fire giant is nearby!!!
A fire giant is nearby!!!
The fire giant gestures at you while chanting!
The bolt of fire hits you!!! The fire burns you terribly!!!
DANG rip

Action                   |  1- 3 |  4- 6 || total
-------------------------+-------+-------++-------
Melee: Unarmed           |    68 |   401 ||   469
  Use: Scroll            |       |     5 ||     5
 Stab: Sleeping          |       |     8 ||     8
       Distracted        |       |     1 ||     1

Vault maps used:
D:1:      evilmike_arrival_hilbert_curve, nrook_loot_triangle
D:2:      uniq_jessica
D:3:      first_bread
D:4:      gammafunk_temple_overflow_elements
D:5:      lightli_temple_of_fire, minmay_temple_entry_grid

Notes
Turn   | Place    | Note
--------------------------------------------------------------
     0 | D:1      | rlgrobin the Mummy Monk began the quest for the Orb.
     0 | D:1      | Reached XP level 1. HP: 18/18 MP: 1/1
    59 | D:2      | Reached XP level 2. HP: 13/24 MP: 2/2
   351 | D:2      | Reached skill level 4 in Unarmed Combat
   397 | D:2      | Noticed Jessica
   404 | D:2      | Reached XP level 3. HP: 21/29 MP: 3/3
   581 | D:2      | Killed Jessica
   863 | D:2      | Reached XP level 4. HP: 35/35 MP: 4/4
  1726 | D:2      | HP: 3/35 [adder (3)]
  1727 | D:2      | HP: 1/35 [adder (2)]
  1728 | D:2      | Reached skill level 5 in Unarmed Combat
  2903 | D:1      | Reached XP level 5. HP: 35/41 MP: 5/5
  4015 | D:4      | Found a shimmering altar of Xom.
  4015 | D:4      | Found a shattered altar of Ashenzari.
  4176 | D:4      | Reached skill level 4 in Fighting
  4431 | D:5      | Entered Level 5 of the Dungeon
  5010 | D:4      | Reached skill level 5 in Fighting
  5010 | D:4      | Reached XP level 6. HP: 46/51 MP: 6/6
  5090 | D:4      | Noticed an ice beast
  5213 | D:4      | HELL IS SO GOOD
  6987 | D:3      | Reached skill level 3 in Dodging
 14026 | D:1      | Noticed a fire giant
 14031 | D:1      | Killed from afar by a fire giant

Vanquished Creatures
  A scorpion (D:4)
  A jelly (D:5)
  An orc priest (D:3)
  Jessica (D:2)
  2 worker ants
  6 adders
  A gnoll (D:1)
  2 oozes (D:1)
  4 worms
  3 giant geckos
  14 orcs
  3 ball pythons
  5 giant cockroaches
  9 goblins
  8 hobgoblins
  4 jackals (D:4)
  4 quokkas
  8 bats
  4 giant newts (D:1)
  8 kobolds
  17 rats
106 creatures vanquished.
